Unix NetHack Version 3.7.0-66 Work-in-progress - last build Nov 25 2022 02:21:47 (a67c8fbd212c6e9cfe3af09653023564b5ba1bad,branch:master). Game began 2022-11-27 23:44:07, ended 2022-11-29 00:18:06. Buffalo, neutral male human Tourist ----- ......| @ ...@..| ....<.| ----- Buffalo the Peregrinator St:17 Dx:14 Co:17 In:12 Wi:12 Ch:13 Neutral S:35821 Dlvl:12 $:5785 HP:72(94) Pw:48(48) AC:-2 Xp:10/8233 T:13575 Latest messages: Your dwarvish mithril-coat is not affected by oxidation. The rust monster touches you! Your dwarvish mithril-coat is not affected by oxidation. The rust monster touches you! Your dwarvish mithril-coat is not affected by oxidation. You kill the rust monster! What do you want to wield? [- aIU or ?*] a a - an uncursed rusty crude dagger named Grimtooth (weapon in hand). You see here a rust monster corpse. Your knapsack cannot accommodate any more items. You see here a scroll called armwepcur duam. Where do you want to travel to? (For instructions type a '?') You descend the stairs. Grimtooth flickers red! What do you want to use or apply? [cklpzCDLPSUX or ?*] ? Your lamp is now on. Really save? [yn] (n) y Saving... Restoring save file... Aloha Buffalo, the human Tourist, welcome back to NetHack! Grimtooth flickers red! Really quit? [yn] (n) y Do you want your possessions identified? [ynq] (y) q Inventory: Coins $ - 5785 gold pieces Amulets f - an uncursed amulet of reflection (being worn) Weapons I - 10 +2 darts (at the ready) a - the rusty +0 Grimtooth (weapon in hand, flickering red) Armor g - an uncursed +0 dwarvish iron helm named !c n - an uncursed +1 pair of leather gloves named pRslR (being worn) v - an uncursed burnt +1 pair of low boots named pray7411 (being worn) V - an uncursed +0 elven shield W - an uncursed burnt +0 elven shield (being worn) o - an uncursed +0 elven cloak w - an uncursed +0 mummy wrapping m - an uncursed +0 Hawaiian shirt with a hula dancer motif (being worn) T - a blessed +0 dwarvish mithril-coat (being worn) Comestibles E - an uncursed cram ration M - an uncursed food ration h - an uncursed lizard corpse Scrolls e - a cursed scroll of confuse monster d - an uncursed scroll of enchant armor b - an uncursed scroll of enchant weapon x - an uncursed scroll of enchant weapon y - an uncursed scroll of identify j - an uncursed scroll of magic mapping Z - a cursed scroll of remove curse q - an uncursed scroll of teleportation Potions A - a blessed potion of acid H - an uncursed potion of blindness K - a cursed potion of blindness Y - an uncursed potion of healing O - a blessed potion of invisibility N - an uncursed potion of monster detection Q - a blessed potion of object detection Rings F - an uncursed ring of cold resistance G - an uncursed ring of free action named !c (on right hand) r - an uncursed ring of invisibility i - an uncursed ring of poison resistance R - a cursed ring of polymorph u - an uncursed ring of polymorph control t - an uncursed ring of regeneration named !c s - an uncursed ring of stealth J - a cursed ring of teleport control B - a cursed ring of teleportation Wands S - a wand of create monster (0:13) D - a wand of create monster named -1 (0:11) z - a wand of digging named -0 (0:6) L - a wand of digging named -2? (0:6) p - a wand of teleportation named -1 (0:3) X - a wand of undead turning named -2 (0:4) Tools l - an expensive camera (0:14) k - an uncursed lock pick C - a cursed magic lamp (lit) c - an uncursed stethoscope P - an uncursed towel U - a +0 unicorn horn Buffalo the Tourist's attributes: Background: You were a Peregrinator, a level 10 male human Tourist. You were neutral, on a mission for The Lady who was opposed by Blind Io (lawful) and Offler (chaotic). You were in the Dungeons of Doom, on level 12. You entered the dungeon 13575 turns ago. It was the midnight hour. You had 8233 experience points, 1767 more were needed to attain level 11. Your score was 35821 before end-of-game adjustments. Basics: You had 72 out of 94 hit points. You had all 48 energy points (spell power). Your armor class was -2. Your wallet contained 5785 zorkmids. Autopickup was on for '$"?!=/' plus thrown. Final Characteristics: Your strength was 17 (limit:18/100). Your dexterity was 14 (limit:18). Your constitution was 17 (peak:18, limit:18). Your intelligence was 12 (limit:18). Your wisdom was 12 (limit:18). Your charisma was 13 (limit:18). Final Status: You were not hungry. You were unencumbered. You were wielding a dagger. You had expert skill with dagger. Final Attributes: You were piously aligned. You were sleep resistant. You were poison resistant. You were telepathic. You were aware of the presence of elves. You had automatic searching. You had a small defense bonus (+2). You were guarded. You had reflection. You had free action. You survived. Miscellaneous: You encountered 2 bones levels. Total elapsed playing time was 2 hours, 5 minutes and 12 seconds. Major events: Turn 1: Buffalo the neutral male human Tourist entered the dungeon 250: found Grimtooth on the floor 1748: entered the Gnomish Mines 1842: attained the rank of Sightseer (level 3) 3114: reached Mine Town 3456: destroyed kroyle's ghost, the former Trailblazer 3566: attained the rank of Excursionist (level 6) 5531: killed the Oracle 7908: entered Sokoban 8250: completed 1st Sokoban level 8830: completed 2nd Sokoban level 9605: completed 3rd Sokoban level 10623: completed 4th Sokoban level 10807: attained the rank of Peregrinator (level 10) 10918: acquired the Sokoban amulet of reflection 12727: entered the Bigroom 13575: quit Vanquished creatures: the Oracle a ghost 2 giant mimics 2 large mimics a stalker an earth elemental a giant mummy a black naga an elf-noble a small mimic a warhorse a xan an ogre leader a gelatinous cube a pyrolisk a large dog a flaming sphere a shocking sphere a large cat a tiger 2 tengu an ochre jelly 2 leocrottas an energy vortex an elf mummy 3 wraiths 2 carnivorous apes 2 leather golems 3 Grey-elves 3 watchmen an amorous demon 3 giant beetles 10 winter wolf cubs a panther a spotted jelly 4 leprechauns a mumak 2 giant spiders an ice vortex a black light 2 forest centaurs 2 gnome rulers an orc mummy 3 dwarf mummies an ogre a brown pudding 2 rust monsters 3 owlbears a yeti a gold golem 2 werewolves 3 Green-elves 5 lizards 3 chickatrices a dingo 2 dwarf leaders a blue jelly a white unicorn a dust vortex a plains centaur 2 gnome mummies a snake 2 water moccasins an ape a human zombie 4 Woodland-elves 2 soldier ants 2 bugbears a wood nymph a mountain nymph 9 Uruk-hai an orc shaman a rock piercer 2 fog clouds 2 yellow lights 2 shriekers 2 violet fungi 10 gnome leaders 2 gnomish wizards a black naga hatchling 2 gray oozes 4 giant ants a little dog 4 floating eyes 13 dwarves 4 homunculi 14 hill orcs 13 rothes 2 giant bats 3 monkeys an orc zombie 3 dwarf zombies 2 werejackals 7 iguanas 24 killer bees a coyote a gas spore 6 hobbits a hobgoblin 4 giant rats 5 cave spiders 3 brown molds 5 yellow molds a red mold 47 gnomes 4 garter snakes a gnome zombie 3 geckos 3 jackals 2 foxes a kobold 6 goblins 6 sewer rats 10 grid bugs 2 bats 5 lichens 2 kobold zombies 15 newts 384 creatures vanquished. No species were genocided or became extinct. Voluntary challenges: You read items or engraved 13 times. You never engraved Elbereth. You never genocided any monsters. You never polymorphed an object. You never changed form. You used no wishes. You did not violate any of the special Sokoban rules. Achievements: You entered the Gnomish Mines. You attained the rank of Sightseer. You entered Minetown. You entered a temple. You entered a shop. You attained the rank of Excursionist. You entered Sokoban. You attained the rank of Peregrinator. You completed Sokoban. You entered the Big Room. The Dungeons of Doom: levels 1 to 12 Level 1: "grimtooth" A fountain. Level 2: Some fountains. Level 3: A grave. Level 4: "vault" A sink. Stairs down to The Gnomish Mines. Level 5: A general store. Level 6: Some fountains. Oracle of Delphi. Level 7: A sink. Stairs up to Sokoban, level 6. Level 8: Many fountains. Level 9: Level 10: Some fountains. Level 11: A very big room. Level 12: <- You were here. The Gnomish Mines: levels 5 to 11 Level 5: Level 6: Level 7: Level 8: Some shops, a temple, some fountains, a grave. Final resting place for kroyle-Ran-Elf-Mal-Cha, killed by a watch captain. Level 9: Level 10: Level 11: A grave. Final resting place for attis-Kni-Hum-Fem-Law, killed by a gnome lord. Sokoban: levels 6 up to 3 Level 3: Solved. Level 4: Solved. Level 5: Solved. Level 6: Solved. Aloha Buffalo the Tourist... You quit in The Dungeons of Doom on dungeon level 12 with 35821 points, and 5785 pieces of gold, after 13575 moves. You were level 10 with a maximum of 94 hit points when you quit.